 Dungeon Crawl Stone Soup version 0.32-a0-35-gd9ff480968 (webtiles) character file.

Game seed: 4599034769295718710

303 cforsyth the Magician (level 6, -3/47 HPs)
             Began as a Djinni Enchanter on Jan 22, 2024.
             Was an Initiate of Fedhas.
             Slain by an orc
             ... wielding a +0 short sword
              (4 damage)
             ... on level 4 of the Dungeon.
             The game lasted 00:07:08 (3405 turns).

cforsyth the Magician (Djinni Enchanter)            Turns: 3405, Time: 00:07:09

Health: -3/47      AC:  2    Str:  5    XL:     6   Next: 65%
Gold:   128        EV: 12    Int: 19    God:    Fedhas [......] SH:  0 Dex: 13

rFire   + + .        a - +1 dagger
rCold   x . .        (no shield)
rNeg    . . .        b - +0 robe
rPois   ∞            (no helmet)
rElec   .            (no cloak)
rCorr   .            (no gloves)
SInv    .            (boots unavailable)
Will    .....        (no amulet)
Stlth   ++           (no ring)
HPRegen 0.27/turn    (no ring)
MPRegen 0.00/turn

%: infuse magic (-4 HP)
@: flying
A: sickness immunity, fire resistance 2, cold vulnerability 1, float, innate
caster, HP casting, extra vitality 1, mutation resistance 1, weak 1
a: Renounce Religion


You were on level 4 of the Dungeon.
You worshipped Fedhas.
Fedhas was noncommittal.
You visited 1 branch of the dungeon, and saw 4 of its levels.

You collected 128 gold pieces.

Inventory:

Hand Weapons
 a - a +1 dagger (weapon)
Armour
 b - a +0 robe (worn)
Magical Staves
 n - a staff of cold
Scrolls
 f - 7 scrolls of identify {unknown}
 g - 2 scrolls of teleportation {unknown}
 i - a scroll of acquirement {unknown}
 k - a scroll of immolation {unknown}
Potions
 c - 3 potions of invisibility
 h - a potion of mutation
 m - a potion of magic {unknown}


   Skills:
 + Level 4.2 Fighting
 - Level 1.0 Short Blades
 - Level 2.2 Dodging
 - Level 2.4 Stealth
 + Level 4.4 Spellcasting
 + Level 4.4 Conjurations
 + Level 4.4 Hexes
 + Level 4.4 Summonings
 + Level 4.4 Necromancy
 + Level 4.4 Translocations
 + Level 4.4 Fire Magic
 + Level 4.4 Ice Magic
 + Level 4.4 Air Magic
 + Level 4.4 Earth Magic
 + Level 4.4 Alchemy


You knew the following spells:

 Your Spells              Type           Power      Damage    Failure   Level
a - Ensorcelled Hibernat  Hex/Ice        42%        N/A       3%          2
b - Confusing Touch       Hex            21%        N/A       6%          3
c - Tukima's Dance        Hex            21%        N/A       6%          3
d - Dazzling Flash        Conj/Hex       42%        N/A       6%          3
e - Summon Small Mammal   Summ           84%        N/A       2%          1
f - Call Imp              Summ           42%        N/A       3%          2
Your spell library was empty.

Dungeon Overview and Level Annotations

Branches:
Dungeon (4/15)
 Temple: D:4-7

Altars:
Dithmenos
Fedhas
Makhleb
Wu Jian


Innate Abilities, Weirdness & Mutations

You are immune to sickness and miasma.
You are immune to poison.
Your flesh is very heat resistant. (rF++)
You are vulnerable to cold. (rC-)
You float through the air rather than walking.
You learn spells naturally, not from books.
Your magical power is your life essence.
You have superior vitality. (+4 MHP)
You are somewhat resistant to further mutation.
You are weak. (Str -2)


Message History

Your hands begin to glow red.
The orc shouts!
The orc priest hits you with a +0 whip. The orc hits you with a +0 short sword.
The orc closely misses you.
You hit the orc priest but do no damage.
The orc priest appears confused.
The orc misses you. The orc closely misses you.
You hit the orc.
The orc is heavily wounded.
The orc priest hits you with a +0 whip. The orc hits you with a +0 short sword.
* * * LOW HITPOINT WARNING * * *
The orc barely misses you.
You closely miss the orc.
The orc is heavily wounded.
The orc hits you but does no damage.
The orc priest hits you but does no damage.
The orc closely misses you.
You hit the orc but do no damage.
The orc is heavily wounded.
The orc priest misses you. The orc barely misses you.
You closely miss the orc.
The orc is heavily wounded.
The orc hits you with a +0 whip.
* * * LOW HITPOINT WARNING * * *
The orc hits you with a +0 short sword.
* * * LOW HITPOINT WARNING * * *
You hit the orc but do no damage.
The orc is heavily wounded.
The orc hits you with a +0 whip.
* * * LOW HITPOINT WARNING * * *
The orc hits you with a +0 short sword.
* * * LOW HITPOINT WARNING * * *
The orc priest barely misses the orc.
It was a potion of curing.
You feel better. The orc hits you with a +0 whip.
* * * LOW HITPOINT WARNING * * *
The orc priest hits you with a +0 whip.
* * * LOW HITPOINT WARNING * * *
The orc hits you with a +0 short sword.
You die...
Fedhas appreciates your contribution to the ecosystem.

.. ..# ##. #.# #.. #.##
#.######..##
#########>.........#
#......##.##.##....#######
#......##.##.##...........
#......##o##....##...####.
#......#o@#####...†..##...
#....†..o## #####...<.#.
#......####### #..........
#.................##......
###...o######......)......
#..... ....###..##...
#(..#.. ##.. .........
..... #.. #. ..........
...... ... . ...........


You could see an orc priest (confused) and 2 orcs.

Vanquished Creatures
  A scorpion (D:4)
  A gnoll (D:3)
  4 adders
  A ribbon worm (D:2)
  A dart slug (D:2)
  5 orcs
  7 endoplasms
  4 giant cockroaches
  4 goblins
  7 hobgoblins
  4 jackals
  7 quokkas
  7 ball pythons
  2 bats
  7 frilled lizards
  7 kobolds
  6 rats
75 creatures vanquished.

Vanquished Creatures (collateral kills)
  An ogre (D:3)
  An orc priest (D:4)
  A jackal (D:4)
3 creatures vanquished.

Grand Total: 78 creatures vanquished

Notes
Turn   | Place    | Note
-------+----------+-------------------------------------------
     0 | D:1      | cforsyth the Djinni Enchanter began the quest for the Orb.
     0 | D:1      | cforsyth set off with the following spells memorised:
                  | Ensorcelled Hibernation, Confusing Touch, Tukima's Dance,
                  | Dazzling Flash.
     0 | D:1      | Reached XP level 1. HP: 15/15 MP: 0/0
    24 | D:1      | Reached skill level 1 in Short Blades
   116 | D:1      | Reached XP level 2. HP: 9/22 MP: 0/0
   305 | D:1      | Reached skill level 1 in Fighting
   476 | D:1      | Reached XP level 3. HP: 11/27 MP: 0/0
   476 | D:1      | Learned a level 1 spell: Summon Small Mammal
   610 | D:1      | Found a faded altar of an unknown god.
  1060 | D:2      | Found an ornate altar of the Wu Jian Council.
  1269 | D:2      | Reached XP level 4. HP: 28/33 MP: 0/0
  2141 | D:3      | Found a burning altar of Makhleb.
  2144 | D:3      | Found a blossoming altar of Fedhas.
  2146 | D:3      | Found a shadowy altar of Dithmenos.
  2151 | D:3      | Became a worshipper of Fedhas Madash
  2817 | D:3      | Noticed an ogre
  2828 | D:3      | Killed an ogre
  2829 | D:3      | Reached XP level 5. HP: 32/40 MP: 0/0
  2829 | D:3      | Learned a level 2 spell: Call Imp
  3156 | D:3      | Reached XP level 6. HP: 40/46 MP: 0/0
  3316 | D:4      | Noticed an ice beast
  3384 | D:4      | HP: 1/47 [orc/+0 whip (4)]
  3386 | D:4      | Gained mutation: You are weak. (Str -2) [potion of
                  | mutation]
  3386 | D:4      | Gained mutation: You are somewhat resistant to further
                  | mutation. [potion of mutation]
  3404 | D:4      | HP: 2/47 [orc/+0 short sword (3)]
  3405 | D:4      | Slain by an orc

Illustrated notes

Levels and vault maps discovered:
D:1:      wander_arrival_chamber, layout_loops_ring,
          shapermc_ecumenical_altar_rom_forum, st_stairs_8
D:2:      layout_basic, basic_altar, kennysheep_generic_room_9
D:3:      minmay_general_purpose_star, layout_basic, minitemple
D:4:      layout_rooms, minmay_bisected

Skill      XL: |  1  2  3  4  5  6 |
---------------+-------------------+-----
Short Blades   | 1 |  1.0
Spellcasting   | 3 4 |  4.4
Conjurations   | 3 4 |  4.4
Hexes          | 3 4 |  4.4
Summonings     | 3 4 |  4.4
Necromancy     | 3 4 |  4.4
Translocations | 3 4 |  4.4
Fire Magic     | 3 4 |  4.4
Ice Magic      | 3 4 |  4.4
Air Magic      | 3 4 |  4.4
Earth Magic    | 3 4 |  4.4
Alchemy        | 3 4 |  4.4
Fighting       | 1 2 3 4 |  4.2
Dodging        | |  2.2
Stealth        | |  2.4

Action                     |  1- 3 |  4- 6 || total
---------------------------+-------+-------++-------
  Melee: Dagger            |   128 |   150 ||   278
         Punch             |     2 |     2 ||     4
   Cast: Ensorcelled Hiber |     8 |    23 ||    31
         Summon Small Mamm |     2 |       ||     2
         Confusing Touch   |       |     9 ||     9
         Tukima's Dance    |       |     1 ||     1
         Dazzling Flash    |       |     1 ||     1
         Call Imp          |       |     3 ||     3
    Use: Potion            |       |     5 ||     5
   Stab: Sleeping          |     7 |    24 ||    31
         Confused          |       |     2 ||     2
 Armour: Robe              |    51 |   106 ||   157
  Dodge: Dodged            |    73 |   106 ||   179

Table legend: (Time is in decaauts)
 A = Elapsed time spent in this place.
 B = Non-inter-level travel time spent in this place.
 C = Inter-level travel time spent in this place.
 D = Time resting spent in this place.
 E = Time spent auto-exploring this place.
 F = Levels seen in this place.
 G = Mean time per level.
                   A        B        C        D        E       F      G
               +--------+--------+--------+--------+--------+-----+--------+
         Total |   3393 |   3301 |     92 |    263 |   2335 |   4 |  848.2 |
       Dungeon |   3393 |   3301 |     92 |    263 |   2335 |   4 |  848.2 |
               +--------+--------+--------+--------+--------+-----+--------+

Top non-repeatable levels by time:
     D:3: 1131 daAuts
     D:1: 1055 daAuts
     D:2: 972 daAuts
     D:4: 234 daAuts
